 Dungeon Crawl Stone Soup version 0.28-a0-1629-gf728b707aa (webtiles) character file.

Game seed: 1934621282055104956

43 skittles the Ruffian (level 3, -6/30 HPs)
             Began as a Draconian Transmuter on Jan 24, 2022.
             Mangled by Sigmund (11 damage)
             ... on level 2 of the Dungeon.
             The game lasted 00:02:34 (1297 turns).

skittles the Ruffian (Draconian Transmuter)         Turns: 1297, Time: 00:02:35

Health: -6/30      AC:  5    Str: 12    XL:     3   Next: 37%
Magic:  4/6        EV: 12    Int: 15    God:
Gold:   43         SH:  0    Dex: 11    Spells: 0/6 levels left

rFire   . . .      SeeInvis .     - Unarmed
rCold   . . .      Faith    .   (no shield)
rNeg    . . .      Spirit   .   (armour unavailable)
rPois   .          Reflect  .   (helmet restricted)
rElec   .          Harm     .   (no cloak)
rCorr   .          Rampage  .   (no gloves)
Will    .....                   (no boots)
Stlth   +.........              (no amulet)
HPRegen 0.00/turn               (no ring)
MPRegen 0.10/turn               (no ring)

@: confused, wereblooded, inhibited regen
A: AC +5, unfitting armour, cold-blooded, horns 1, talons 1, robust 1, inhibited
regeneration
a: no special abilities


You were on level 2 of the Dungeon.
You visited 1 branch of the dungeon, and saw 2 of its levels.

You collected 43 gold pieces.

Inventory:

Missiles
 e - 3 poisoned darts
Scrolls
 a - a scroll of teleportation {unknown}
 b - a scroll of identify {unknown}
 d - 2 scrolls of brand weapon {unknown}


   Skills:
 - Level 1.1 Fighting
 - Level 1.7 Dodging
 - Level 3.5 Unarmed Combat
 - Level 2.3 Spellcasting
 * Level 2.9 Transmutations
 * Level 0.3 Poison Magic


You couldn't memorise any spells.
You knew the following spells:

 Your Spells              Type           Power      Damage    Failure   Level
a - Beastly Appendage     Tmut           20%        N/A       6%          1
b - Wereblood             Tmut           10%        N/A       10%         2
c - Spider Form           Tmut/Pois      6%         N/A       32%         3

Your spell library contained the following spells:

 Spells                   Type           Power      Damage    Failure   Level
 Ice Form                 Ice/Tmut       6%         N/A       75%         4


Dungeon Overview and Level Annotations

Branches:
Dungeon (2/15)

Altars:

Annotations:
D:2 Sigmund


Innate Abilities, Weirdness & Mutations

Your plain brown scales are hard. (AC +5)
You cannot fit into any form of body armour.
You are cold-blooded and may be slowed by cold attacks.
You have a pair of small horns on your head.
You have sharp toenails.
You are robust. (+10% HP)
You do not regenerate when monsters are visible.


Message History

Your regeneration stops near monsters.
Your toenails lengthen and sharpen.
You feel robust. A pair of horns grows on your head!
Sigmund shouts!
You hear a shout!
Sigmund gestures at you while chanting. The magic dart hits you.
A goblin comes into view. It is wielding a +0 club.
The goblin shouts!
Sigmund gestures at you while chanting.
You are confused.
Sigmund points at you and mumbles some strange words.
The puff of flame hits you.
You bump into the rock wall.
You feel less confused.
Sigmund casts a spell.
Sigmund flickers and vanishes!
Deactivating autopickup; reactivate with Ctrl-A.
Casting: Beastly Appendage (safe; 7% risk of failure)
Confirm with . or Enter, or press ? or * to list all spells.
You have no appropriate body parts free.
Casting: Beastly Appendage (safe; 7% risk of failure)
Confirm with . or Enter, or press ? or * to list all spells.
Your blood is infused with primal strength.
The goblin closely misses you.
You barely miss the goblin. You headbutt the goblin.
You feel a bit better.
You kill the goblin!
Something hits you. Something hits you but does no damage.
You see here a +0 club.
You barely miss something. You claw something. You hit something.
Your kick misses something. You headbutt something.
Your tail-slap misses something.
Something hits you.
You miss something. Your kick misses something.
Your tail-slap misses something.
You punch something! You claw something. Something hits you!
* * * LOW HITPOINT WARNING * * *
You miss something. Your kick misses something. You headbutt something.
You hear some strange, mumbled words.
You are confused.
You closely miss something. Your kick misses something. Something hits you!
You die...

### #### .. #.. ..# ##.#
#.# #.# ..
#.#####.###.##.## ###
########.#..............
..#
##........#.###g##..##.##
#.# #.........#.#
#.#...... #.#
#..##.......###......#.#
#.#
#..##.###...@{..#!..## ..
#.###..##.# #.########.##
# .....†.##.###.# .#
..###.........# .#
#.###.........#
##.##.###.##### #.##.#
#.# ##.##.# #.#
#.###.###.#


There were no monsters in sight!

Vanquished Creatures
  A worm (D:2)
  2 dart slugs
  2 bats
  4 endoplasms
  3 giant cockroaches
  3 goblins
  3 hobgoblins (D:2)
  4 jackals (D:1)
  A kobold (D:1)
  A quokka (D:1)
  2 ball pythons (D:2)
  2 frilled lizards (D:2)
  2 rats (D:2)
30 creatures vanquished.

Notes
Turn   | Place    | Note
-------+----------+-------------------------------------------
     0 | D:1      | skittles the Draconian Transmuter began the quest for the
                  | Orb.
     0 | D:1      | Reached XP level 1. HP: 16/16 MP: 3/3
   126 | D:1      | Reached XP level 2. HP: 17/23 MP: 3/5
   143 | D:1      | Learned a level 2 spell: Wereblood
   510 | D:1      | Found a faded altar of an unknown god.
   660 | D:2      | Reached XP level 3. HP: 18/28 MP: 4/6
   850 | D:2      | Learned a level 3 spell: Spider Form
  1271 | D:2      | Noticed Sigmund
  1272 | D:2      | Gained mutation: You do not regenerate when monsters are
                  | visible. [potion of mutation]
  1272 | D:2      | Gained mutation: You have sharp toenails. [potion of
                  | mutation]
  1272 | D:2      | Gained mutation: You are robust. (+10% HP) [potion of
                  | mutation]
  1272 | D:2      | Gained mutation: You have a pair of small horns on your
                  | head. [potion of mutation]
  1297 | D:2      | Mangled by Sigmund

Illustrated notes

Levels and vault maps discovered:
D:1:      lemuel_arrival_lava_pool, layout_basic,
          shapermc_ecumenical_altar_flowoftime
D:2:      layout_loops_corners, nrook_mini_backslash, minmay_tripent,
          uniq_crazy_yiuf_cottage, uniq_sigmund

Action                   || total
-------------------------++-------
Melee: Unarmed           ||    75
       Headbutt          ||    18
       Kick              ||    17
       Tailslap          ||     7
       Punch             ||     2
 Cast: Beastly Appendage ||    17
       Wereblood         ||     2
  Use: Potion            ||     1
Armor: Skin              ||    34
Dodge: Dodged            ||    30

Table legend: (Time is in decaauts)
 A = Elapsed time spent in this place.
 B = Non-inter-level travel time spent in this place.
 C = Inter-level travel time spent in this place.
 D = Time resting spent in this place.
 E = Time spent auto-exploring this place.
 F = Levels seen in this place.
 G = Mean time per level.
                   A        B        C        D        E       F      G
               +--------+--------+--------+--------+--------+-----+--------+
         Total |   1293 |   1261 |     32 |      0 |    958 |   2 |  646.5 |
       Dungeon |   1293 |   1261 |     32 |      0 |    958 |   2 |  646.5 |
               +--------+--------+--------+--------+--------+-----+--------+

Top non-repeatable levels by time:
     D:2: 659 daAuts
     D:1: 633 daAuts
